 Dungeon Crawl Stone Soup version 0.31-a0-358-gac0dbeb3ab (webtiles) character file.

Game seed: 14946840869992611090

9709 freelancePsychic the Slicer (level 11, -4/67 HPs)
             Began as a Deep Elf Fighter on July 25, 2023.
             Was a Believer of Vehumet.
             Slain by a shadow (21 damage)
             ... on level 10 of the Dungeon.
             The game lasted 00:21:58 (12591 turns).

freelancePsychic the Slicer (Deep Elf Fighter)     Turns: 12591, Time: 00:21:58

Health: -4/67      AC:  6    Str: 13    XL:     11   Next: 26%
Magic:  23/23      EV: 12    Int: 18    God:    Vehumet [**....]
Gold:   226        SH:  5    Dex: 14    Spells: 12/24 levels left

rFire   + . .        a - +3 quick blade (venom)
rCold   . . .        c - +0 buckler
rNeg    . . .        j - +0 leather armour
rPois   +            z - +1 hat
rElec   .            n - +0 cloak
rCorr   .            (no gloves)
SInv    .            w - +0 pair of boots
Will    +....        (no amulet)
Stlth   ++           I - ring of poison resistance
HPRegen 0.31/turn    C - ring of protection from fire
MPRegen 0.18/turn

%: no passive effects
@: no status effects
A: no striking features
a: Renounce Religion


You were on level 10 of the Dungeon.
You worshipped Vehumet.
Vehumet was pleased with you.
You visited 3 branches of the dungeon, and saw 12 of its levels.

You collected 590 gold pieces.
You spent 364 gold pieces at shops.

Inventory:

Hand Weapons
 a - a +3 quick blade of venom (weapon)
 b - a +0 sling
Missiles
 h - 40 poisoned darts
Armour
 c - a +0 buckler (worn)
 j - a +0 leather armour (worn)
 n - a +0 cloak (worn)
 w - a +0 pair of boots (worn)
 z - a +1 hat (worn)
Jewellery
 B - a +6 ring of strength
 C - a ring of protection from fire (right hand)
 G - a ring of see invisible
 H - a ring of willpower
 I - a ring of poison resistance (left hand)
 L - a +6 ring of strength
Wands
 u - a wand of paralysis (6)
 y - a wand of digging (11)
 A - a wand of iceblast (8)
 K - a wand of flame (10)
Scrolls
 d - 5 scrolls of torment
 e - a scroll of poison
 i - 4 scrolls of fog
 l - a scroll of silence
 m - a scroll of amnesia
 p - 2 scrolls of revelation
 q - a scroll of brand weapon
Potions
 g - 4 potions of heal wounds {unknown}
 k - a potion of lignification
 o - 3 potions of enlightenment
 r - a potion of degeneration {unknown}
 s - 3 potions of brilliance {unknown}
 t - 2 potions of attraction {unknown}
 v - a potion of mutation {unknown}
 x - a potion of resistance
 E - 2 potions of haste {unknown}


   Skills:
 + Level 7.3 Fighting
 - Level 8.7 Short Blades
 - Level 0.1 Ranged Weapons
 - Level 2.4 Armour
 + Level 4.0 Dodging
 - Level 1.4 Stealth
 - Level 4.0 Shields
 + Level 7.1 Spellcasting
 - Level 5.6 Conjurations
 + Level 3.9 Transmutations
 + Level 3.8 Fire Magic
 - Level 2.0 Air Magic
 - Level 7.4 Earth Magic
 + Level 2.9 Poison Magic


You had 12 spell levels left.
You knew the following spells:

 Your Spells              Type           Power      Damage    Failure   Level
a - Sandblast             Erth           66%        2d15      1%          1
b - Stone Arrow           Conj/Erth      58%        3d10      3%          3
c - Ignite Poison         Fire/Tmut/Pois 19%        N/A       12%         3
d - Freezing Cloud        Conj/Ice/Air   7%         6-21      86%         5

Your spell library contained the following spells:

 Spells                   Type           Power      Damage    Failure   Level
 Scorch                   Fire           40%        2d7       5%          2
 Passwall                 Tmut/Erth      21%        N/A       2%          2
 Cigotuvi's Dreadful Rot  Necr/Pois/Air  24%        N/A       14%         2
 Hailstorm                Conj/Ice       16%        3d6       17%         3
 Freeze                   Ice            24%        1d4       19%         1
 Volatile Blastmotes      Fire/Tloc      26%        2d12      24%         3
 Frozen Ramparts          Ice            12%        1d2       47%         3
 Fulminant Prism          Conj/Hex       8%         3d7       50%         4
 Iskenderun's Mystic Bla  Conj/Tloc      16%        2d5       50%         4


Dungeon Overview and Level Annotations

Branches:
Dungeon (10/15)            Temple (1/1) D:6            Lair (1/5) D:9
    Orc: D:9-12

Altars:
Ashenzari
Cheibriados
Dithmenos
Elyvilon
Fedhas
Gozag
Hepliaklqana
Kikubaaqudgha
Makhleb
Nemelex Xobeh
Okawaru
Qazlal
Ru
Sif Muna
Uskayaw
Vehumet
Wu Jian
Xom
Yredelemnul
Zin
The Shining One

Shops:
D:2 [   D:8 *   D:9 :

Annotations:
D:4 Ijyb
D:5 3 runed translucent doors, Edmund; otakuarchivist's ghost, novice MiFi
D:6 1 runed translucent door, hashsling's ghost, novice HuWn


Message History

You hit the howler monkey.
The howler monkey is almost dead.
You kill the howler monkey!
Vehumet accepts your kill.
Your Dodging skill increases to level 4!
Found a stone staircase leading up.
A vampire comes into view.
Found a great sword.
The shadow hits you!
You barely miss the shadow. You hit the shadow but do no damage.
A hornet comes into view.
The shadow hits you.
You barely miss the shadow. x2
The hornet buzzes angrily.
You hit the shadow but do no damage. x2
The shadow slips into darkness.
The shadow flickers and vanishes!
Deactivating autopickup; reactivate with Ctrl-A.
The shadow strikes at you from the darkness!
Reactivating autopickup.
You are too injured to fight recklessly!
You are too injured to fight recklessly!
You are too injured to fight recklessly!
You are too injured to fight recklessly!
You are too injured to fight recklessly!
You are too injured to fight recklessly!
Found a stone staircase leading down.
The shadow hits you. The hornet stings you. The hornet stings you.
The shadow slips into darkness.
The shadow flickers and vanishes!
Deactivating autopickup; reactivate with Ctrl-A.
The hornet stings you!
* * * LOW HITPOINT WARNING * * *
You feel yourself slow down. The hornet misses you.
There is a stone staircase leading up here.
You feel yourself speed up. You block the hornet's attack.
The shadow strikes at you from the darkness!
You die...

.......<†...!...
...#..†........#
#...........#
#..........##
#............
##............
.#.............
.....#.Vy.......
##.##...@.......
## #...........
##....).....
#..........>
.............
....#.........
######....###..
....## ..


You could see a hornet and a vampire.

Vanquished Creatures
  2 cane toads (Lair:1)
  A rime drake (Lair:1)
  4 komodo dragons (Lair:1)
  A queen bee (Lair:1)
  A hornet (D:7)
  3 wyverns
  A spriggan (D:7)
  Sigmund (D:2)
  A wraith (D:9)
  Eustachio (D:4)
  A basilisk (Lair:1)
  A steam dragon (D:7)
  Menkaure (D:5)
  4 water moccasins
  An orc warrior (D:7)
  2 black bears
  10 wolves (Lair:1)
  3 ogres
  6 centaurs
  2 kobold brigands
  7 bullfrogs
  3 gnoll sergeants
  A scorpion (D:7)
  10 wights
  25 killer bees
  6 howler monkeys
  3 electric eels (D:9)
  5 orc priests
  A gnoll bouda (D:7)
  6 hounds
  Jessica (D:2)
  4 iguanas
  6 orc wizards
  24 gnolls
  5 adders
  A shadow imp (D:7)
  2 white imps
  An ufetubus (D:5)
  3 worms
  3 dart slugs
  22 orcs
  7 endoplasms
  2 giant cockroaches (D:1)
  9 hobgoblins
  5 jackals
  5 quokkas
  9 ball pythons
  A bat (D:1)
  A frilled lizard (D:1)
  7 goblins
  12 kobolds
  12 rats
  A spectral goblin (D:3)
257 creatures vanquished.

Notes
Turn   | Place    | Note
-------+----------+-------------------------------------------
     0 | D:1      | freelancePsychic the Deep Elf Fighter began the quest for
                  | the Orb.
     0 | D:1      | Reached XP level 1. HP: 13/13 MP: 3/3
    67 | D:1      | Reached skill level 1 in Stealth
   130 | D:1      | Reached XP level 2. HP: 11/18 MP: 4/4
   474 | D:1      | Reached skill level 1 in Earth Magic
   491 | D:1      | Learned a level 1 spell: Sandblast
   708 | D:2      | Reached XP level 3. HP: 17/22 MP: 6/6
   792 | D:2      | Reached skill level 1 in Spellcasting
   792 | D:2      | Noticed Sigmund
   835 | D:2      | Killed Sigmund
   836 | D:2      | Reached XP level 4. HP: 18/28 MP: 6/10
   836 | D:2      | Reached XP level 5. HP: 20/32 MP: 6/11
  1080 | D:2      | Found Hikhuer's Armour Emporium.
  1138 | D:2      | Noticed Jessica
  1240 | D:2      | Killed Jessica
  1391 | D:2      | Found a faded altar of an unknown god.
  1686 | D:3      | Reached XP level 6. HP: 26/37 MP: 8/12
  2012 | D:3      | Found a hazy altar of Hepliaklqana.
  2405 | D:4      | Reached skill level 1 in Conjurations
  2556 | D:4      | Noticed Ijyb
  2609 | D:4      | Learned a level 3 spell: Stone Arrow
  3214 | D:4      | Found a blossoming altar of Fedhas.
  3479 | D:4      | Identified a scroll of acquirement
  3480 | D:4      | Acquired a +2 quick blade of venom
  3499 | D:5      | Entered Level 5 of the Dungeon
  3499 | D:5      | Noticed Menkaure
  3562 | D:5      | Reached skill level 5 in Earth Magic
  3564 | D:5      | Reached XP level 7. HP: 32/42 MP: 8/15
  3709 | D:5      | Found a runed translucent gate.
  3710 | D:5      | Found a runed translucent gate.
  3728 | D:5      | Killed Menkaure
  3729 | D:5      | Reached skill level 3 in Short Blades
  3746 | D:5      | Noticed Eustachio
  3834 | D:5      | Noticed Edmund
  4302 | D:4      | Killed Eustachio
  4303 | D:4      | Reached skill level 4 in Short Blades
  4303 | D:4      | Reached XP level 8. HP: 25/48 MP: 16/16
  4396 | D:5      | Identified the +1 leather armour of Classification {Rampage
                  | Regen+ Dex+3 Stlth+}
  4536 | D:5      | Found a runed translucent gate.
  4538 | D:5      | Noticed otakuarchivist's ghost (novice MiFi)
  4899 | D:6      | Found a staircase to the Ecumenical Temple.
  4908 | D:6      | Found a broken altar of Ashenzari.
  4916 | D:6      | Reached skill level 5 in Fighting
  4949 | D:6      | Found a white marble altar of Elyvilon.
  4954 | D:6      | Found a sparkling altar of Nemelex Xobeh.
  4958 | D:6      | Found an opulent altar of Gozag.
  4964 | D:6      | Found a sacrificial altar of Ru.
  5444 | D:6      | Reached skill level 5 in Short Blades
  5576 | D:6      | Reached skill level 6 in Short Blades
  5625 | D:6      | Found a runed translucent door.
  5631 | D:6      | Noticed hashsling's ghost (novice HuWn)
  6289 | D:6      | Reached skill level 7 in Short Blades
  6444 | D:8      | Reached XP level 9. HP: 38/54 MP: 17/17
  6491 | D:7      | Reached skill level 8 in Short Blades
  6508 | D:7      | HP: 2/54 [poisoned by a killer bee]
  7102 | D:7      | Paralysed by a hornet for 3 turns
  8003 | D:8      | Found a shimmering altar of Xom.
  8222 | Temple   | Entered the Ecumenical Temple
  8227 | Temple   | Became a worshipper of Vehumet
  8386 | D:8      | Reached XP level 10. HP: 48/60 MP: 18/18
  8408 | D:7      | Reached skill level 5 in Conjurations
  8649 | D:8      | Found an iron altar of Okawaru.
  8680 | D:8      | Found Dexyfang's Assorted Antiques.
  9193 | D:8      | Found a stormy altar of Qazlal.
  9593 | D:9      | Reached * piety under Vehumet
  9593 | D:9      | Offered knowledge of Kiss of Death by Vehumet.
  9895 | D:9      | Reached skill level 5 in Spellcasting
 10072 | D:9      | Found a glowing golden altar of the Shining One.
 10082 | D:9      | Found Soygeek's Book Emporium.
 10085 | D:9      | Bought a Trismegistus Codex for 364 gold pieces
 10177 | D:9      | Found a staircase to the Lair.
 10750 | Lair:1   | Entered Level 1 of the Lair of Beasts
 10758 | Lair:1   | Noticed a cane toad
 10762 | Lair:1   | Killed a cane toad
 10763 | Lair:1   | Reached skill level 1 in Transmutations
 10763 | Lair:1   | Reached skill level 1 in Fire Magic
 10763 | Lair:1   | Reached skill level 1 in Air Magic
 10828 | Lair:1   | Learned a level 3 spell: Ignite Poison
 10834 | Lair:1   | Learned a level 5 spell: Freezing Cloud
 11001 | Lair:1   | Identified the +0 chain mail "Pucsanaa" {rElec rCorr Int+4
                  | Dex-4}
 11037 | Lair:1   | Reached skill level 1 in Dodging
 11230 | Lair:1   | Reached skill level 1 in Poison Magic
 11486 | Lair:1   | Noticed a cane toad
 11701 | Lair:1   | Killed a cane toad
 11702 | Lair:1   | Reached XP level 11. HP: 67/67 MP: 12/23
 11823 | Lair:1   | Offered knowledge of Scorch by Vehumet.
 11830 | Lair:1   | Reached ** piety under Vehumet
 12570 | D:10     | Entered Level 10 of the Dungeon
 12591 | D:10     | Slain by a shadow

Illustrated notes

Levels and vault maps discovered:
D:1:      dpeg_arrival_prison, layout_rooms
D:2:      layout_basic, nicolae_ecumenical_snake_handling, serial_shops, shop,
          uniq_jessica, uniq_sigmund
D:3:      layout_loops_ring, nicolae_hepliaklqana_monster_ancestors
D:4:      layout_cave_pools, mainiacjoe_overflow_six_doors_small,
          nicolae_concentric_dashed_squares_wild, minmay_snake_closets,
          uniq_ijyb
D:5:      layout_gridville, biasface_ghost_orc_armoury,
          corexii_item_surrounded_by_moat, uniq_menkaure, uniq_edmund,
          uniq_eustachio
D:6:      layout_basic, nicolae_overflow_hallway_of_the_gods,
          minmay_temple_entry_from_below_a, ebering_ghost_inner_flame
D:7:      layout_rooms, hangedman_decor_riveting, the_hattery
D:8:      layout_loops_cross, lemuel_round_altar, xom_butterflies,
          nicolae_qazlal_general_emergency, serial_shops, shop
D:9:      nicolae_moon_pools, layout_irregular_city, tso_metal_star,
          lair_entry_dummy, serial_shops, nicolae_shop_crystal
D:10:     layout_cave_pools, trog_ov_bears_minmay, chequers_arboretum,
          uniq_maurice, uniq_erolcha, uniq_maggie
Temple:   hellmonk_temple_micro_hex
Lair:1:   layout_roguey [special_room_bee], beast_lair_carwin_5

Skill      XL: |  1  2  3  4  5  6  7  8  9 10 11 |
---------------+----------------------------------+-----
Stealth        | 1 |  1.4
Earth Magic    | 1 3 4 5 6 7 |  7.4
Spellcasting   | 2 3 4 6 7 |  7.1
Fighting       | 3 4 5 6 7 |  7.3
Conjurations   | 1 4 5 |  5.6
Short Blades   | 4 7 8 |  8.7
Shields        | 3 4 |  4.0
Transmutations | 3 |  3.9
Fire Magic     | 3 |  3.8
Air Magic      | 2 |  2.0
Dodging        | 3 4 |  4.0
Poison Magic   | 2 |  2.9
Ranged Weapons | |  0.1
Armour         | |  2.4

Action                     |  1- 3 |  4- 6 |  7- 9 | 10-12 || total
---------------------------+-------+-------+-------+-------++-------
  Melee: Rapier            |    45 |    48 |       |       ||    93
         Quick blade       |       |     4 |   479 |   250 ||   733
   Fire: Sling             |    64 |    15 |       |       ||    79
   Cast: Sandblast         |       |    82 |    49 |       ||   131
         Stone Arrow       |       |       |    17 |    88 ||   105
         Ignite Poison     |       |       |       |     4 ||     4
  Evoke: Wand              |       |     3 |       |     2 ||     5
    Use: Potion            |     4 |     1 |     2 |     3 ||    10
         Scroll            |     1 |     6 |     4 |     8 ||    19
   Stab: Sleeping          |       |     1 |     3 |       ||     4
         Paralysed         |       |     3 |       |     1 ||     4
         Invisible         |       |       |       |     4 ||     4
 Armour: Scale mail        |    15 |       |       |       ||    15
         Ring mail         |    11 |       |       |       ||    11
         Leather armour    |     1 |    15 |    84 |    33 ||   133
         Skin              |       |       |    11 |     6 ||    17
  Dodge: Dodged            |    31 |    45 |   147 |    86 ||   309
  Block: Buckler           |    10 |    12 |    78 |    53 ||   153

Table legend: (Time is in decaauts)
 A = Elapsed time spent in this place.
 B = Non-inter-level travel time spent in this place.
 C = Inter-level travel time spent in this place.
 D = Time resting spent in this place.
 E = Time spent auto-exploring this place.
 F = Levels seen in this place.
 G = Mean time per level.
                   A        B        C        D        E       F      G
               +--------+--------+--------+--------+--------+-----+--------+
         Total |  12675 |  11921 |    754 |    934 |   9071 |  12 | 1056.2 |
       Dungeon |  11060 |  10312 |    748 |    859 |   7825 |  10 | 1106.0 |
        Temple |     10 |      6 |      4 |      0 |      0 |   1 |   10.0 |
          Lair |   1603 |   1603 |      0 |     75 |   1246 |   1 | 1603.0 |
               +--------+--------+--------+--------+--------+-----+--------+

Top non-repeatable levels by time:
     D:6: 2081 daAuts
     D:7: 1719 daAuts
  Lair:1: 1603 daAuts
     D:9: 1441 daAuts
     D:4: 1297 daAuts
     D:5: 1060 daAuts
     D:8: 998 daAuts
     D:3: 858 daAuts
     D:2: 827 daAuts
     D:1: 756 daAuts
    D:10: 18 daAuts
  Temple: 10 daAuts
